 Dungeon Crawl Stone Soup version 0.16-a0-702-gf4f471d (webtiles) character file.

25 PolkaDot the Ruinous (level 2, 0/20 HPs)
             Began as a Draconian Conjurer on Sept 20, 2014.
             Killed from afar by Sigmund (7 damage)
             ... with a magic dart
             ... on Level 2 of the Dungeon.
             The game lasted 00:04:32 (1102 turns).

PolkaDot the Ruinous (Draconian Conjurer)           Turns: 1102, Time: 00:04:32

HP   0/20        AC  6     Str 10      XL: 2   Next: 86%
MP   1/5         EV 17     Int 20      God:
Gold 74          SH  0     Dex 16      Spells:  2 memorised,  2 levels left

rFire  . . .     SeeInvis .     k - +0 short sword
rCold  . . .     Clarity  .     (armour unavailable)
rNeg   . . .     rCorr    .     (no shield)
rPois  .         rRot     .     (helmet restricted)
rElec  .         Spirit   .     l - +0 cloak
SustAb .         Warding  .     i - +0 pair of gloves
rMut   .         Stasis   .     (no boots)
Gourm  .                        (no amulet)
MR     .....                    (no ring)
                                (no ring)

@: brilliant, agile, not resistant to hostile enchantments, fairly stealthy
A: unfitting armour, cold-blooded, AC +4
a: no special abilities


You were on level 2 of the Dungeon.
You were not hungry.

You visited 1 branch of the dungeon, and saw 2 of its levels.

You collected 74 gold pieces.

Inventory:

Hand weapons
 k - a +0 short sword (weapon)
Armour
 i - a +0 pair of gloves (worn)
 l - a +0 cloak (worn)
Comestibles
 b - a bread ration
 d - 2 chunks of hobgoblin flesh
 h - a chunk of goblin flesh
Scrolls
 e - a scroll of teleportation {unknown}
 g - a scroll of identify {unknown}
Books
 c - a book of Conjurations

   Spells                             Type                      Level
   *Magic Dart                        Conjuration                  1
   *Searing Ray                       Conjuration                  2
   Dazzling Spray                     Conjuration/Hexes            3
   Fulminant Prism                    Conjuration/Hexes            4
   Iskenderun's Mystic Blast          Conjuration                  4
   Iskenderun's Battlesphere          Conjuration/Charms           5


   Skills:
 - Level 1.7 Dodging
 - Level 1.7 Stealth
 - Level 2.3 Spellcasting
 * Level 4.7 Conjurations


You had 2 spell levels left.
You knew the following spells:

 Your Spells              Type           Power        Failure   Level  Hunger
a - Magic Dart            Conj           ####         1%          1    #......
s - Searing Ray           Conj           ####..       1%          2    ##.....


Dungeon Overview and Level Annotations

Branches:
Dungeon (2/15)

Altars:

Annotations:
D:2 Sigmund


Innate Abilities, Weirdness & Mutations

Your plain brown scales are hard (AC +4).
Your body does not fit into most forms of armour.
Your cold-blooded metabolism reacts poorly to cold.


Message History

Sigmund is lightly wounded.
Casting: Searing Ray
Confirm with . or Enter, or press ? or * to list all spells.
Aiming: Searing Ray
Press: ? - help, Shift-Dir - straight line, f/p - Sigmund
Aim: Sigmund, wielding a scythe and wearing a robe (lightly wounded)
The searing ray hits Sigmund.
Sigmund is moderately wounded.
* * * LOW MAGIC WARNING * * *
Casting: Searing Ray
Confirm with . or Enter, or press ? or * to list all spells.
You don't have enough magic to cast that spell.
Drink which item? (? for menu, Esc to quit)
You feel clever all of a sudden.
It was a potion of brilliance.
Sigmund barely misses you.
You see here a club.
There is a stone staircase leading up here.
Sigmund points at you and mumbles some strange words.
The magic dart hits you!
You die...

#..........)...#
##....##.......#
#....##.......#
##....##.......#
##.....##.......#
#.#.........@#.##
#.#.#.######.#@#
#.#...#......#.#
#.#.......@..#.........
#.#.#....###.#........
#.#.#.####.#.#........
#.#.#......#.#........
#.#.########.#.....@.
#.#..........#......
############....= #..


You could see Sigmund.

Vanquished Creatures
  A giant gecko (D:1)
  5 bats (D:1)
  3 hobgoblins (D:1)
  6 kobolds (D:1)
  A giant newt (D:1)
  4 goblins
  2 rats (D:1)
22 creatures vanquished.

Notes
Turn   | Place    | Note
--------------------------------------------------------------
     0 | D:1      | PolkaDot, the Draconian Conjurer, began the quest for the Orb.
     0 | D:1      | Reached XP level 1. HP: 14/14 MP: 3/3
   392 | D:1      | Reached XP level 2. HP: 18/20 MP: 2/4
  1025 | D:2      | Learned a level 2 spell: Searing Ray
  1084 | D:2      | Noticed Sigmund
  1102 | D:2      | Killed from afar by Sigmund

Action                   || total
-------------------------++-------
Melee: Unarmed           ||     5
       Dagger            ||     5
       Short sword       ||    33
 Cast: Magic Dart        ||    29
       Searing Ray       ||     2
  Use: Potion            ||     2
  Eat: Chunk             ||     1
